 Dungeon Crawl Stone Soup version 0.30-a0-297-g0ec75d9ef4 (webtiles) character file.

Game seed: 11387870169556666069

1507 mopl the Covert (level 8, -1/55 HPs)
             Began as an Octopode Brigand on Oct 19, 2022.
             Killed from afar by a steam dragon (16 damage)
             ... with a ball of steam
             ... on level 6 of the Dungeon.
             The game lasted 00:05:54 (3924 turns).

mopl the Covert (Octopode Brigand)                  Turns: 3924, Time: 00:05:56

Health: -1/55      AC:  1    Str: 13    XL:     8   Next: 82%
Magic:  9/9        EV: 15    Int: 13    God:
Gold:   344        SH:  0    Dex: 19    Spells: 4/9 levels left

rFire   . . .      SeeInvis .    a - +0 dagger (venom)
rCold   . . .      Faith    .    (no shield)
rNeg    . . .      Spirit   .    (helmet restricted)
rPois   .          Reflect  .    (no amulet)
rElec   .          Harm     .    u - +6 ring of dexterity
rCorr   .          Rampage  .    (no ring)
Will    .....                    (no ring)
Stlth   +++++.....               (no ring)
HPRegen 0.29/turn                (no ring)
MPRegen 0.11/turn                (no ring)
                                 (no ring)
                                 (no ring)

@: no status effects
A: almost no armour, amphibious, 8 rings, camouflage 1, gelatinous body 1,
(nimble swimmer 1), tentacles
a: no special abilities


You were on level 6 of the Dungeon.
You visited 1 branch of the dungeon, and saw 6 of its levels.

You collected 344 gold pieces.

Inventory:

Hand Weapons
 a - a +0 dagger of venom (weapon)
Missiles
 b - 15 poisoned darts (quivered)
 c - 2 curare-tipped darts
 k - 7 boomerangs
 q - 5 javelins
 C - a silver boomerang
Magical Staves
 j - a staff of earth
Jewellery
 u - a +6 ring of dexterity (left tentacle)
Wands
 t - a wand of light (2)
 y - a wand of digging (4)
Scrolls
 d - 2 scrolls of teleportation {unknown}
 f - 2 scrolls of enchant armour {unknown}
 g - a scroll of fear {unknown}
 h - a scroll of poison {unknown}
 i - a scroll of magic mapping {unknown}
 m - a scroll of acquirement {unknown}
 o - a scroll of amnesia {unknown}
 r - a scroll of torment {unknown}
 s - a scroll of silence {unknown}
 v - a scroll of fog {unknown}
 x - a scroll of blinking {unknown}
Potions
 e - 3 potions of curing {unknown}
 l - 5 potions of lignification {unknown}
 n - a potion of berserk rage {!q}
 p - a potion of heal wounds
 w - a potion of mutation {!q}
 z - a potion of ambrosia {unknown}
 A - a potion of haste {unknown}
 B - a potion of flight {unknown}


   Skills:
 + Level 5.1 Fighting
 - Level 2.0 Short Blades
 + Level 5.1 Throwing
 + Level 4.7 Dodging
 + Level 8.6 Stealth
 + Level 1.2 Spellcasting
 + Level 1.4 Hexes
 + Level 0.1 Translocations
 + Level 1.4 Transmutations
 + Level 1.4 Earth Magic
 + Level 3.1 Evocations


You had 4 spell levels left.
You knew the following spells:

 Your Spells              Type           Power      Damage    Failure   Level
e - Blink                 Tloc           2%         N/A       36%         2
p - Passwall              Tmut/Erth      3%         N/A       22%         2
s - Slow                  Hex            16%        N/A       16%         1

Your spell library contained the following spells:

 Spells                   Type           Power      Damage    Failure   Level
 Sandblast                Erth           8%         2d5       16%         1
 Momentum Strike          Conj/Tloc      2%         3d8       38%         2
 Confusing Touch          Hex            4%         N/A       43%         3
 Stone Arrow              Conj/Erth      4%         3d7       52%         3
 Ignite Poison            Fire/Tmut/Pois 2%         N/A       56%         3
 Lesser Beckoning         Tloc           2%         N/A       61%         3
 Kindle Blastsparks       Fire/Tloc/Air  0%         2d10      63%         3
 Vampiric Draining        Necr           0%         2d6       63%         3
 Fulminant Prism          Conj/Hex       1%         3d6       90%         4
 Iskenderun's Mystic Bla  Conj/Tloc      1%         2d3       95%         4
 Lee's Rapid Deconstruct  Erth           2%         3d4*      99%         5
 Freezing Cloud           Conj/Ice/Air   0%         6-21      100%        5


Dungeon Overview and Level Annotations

Branches:
Dungeon (6/15)
 Temple: D:4-7

Altars:
Ashenzari
Okawaru
Yredelemnul


Innate Abilities, Weirdness & Mutations

You cannot wear most types of armour.
You are amphibious.
You can wear up to eight rings at the same time.
Your skin changes colour to match your surroundings (Stealth+).
Your rubbery body absorbs attacks. (AC +1, EV +1)
((You are camouflaged when in or above water. (Stealth+)))
You have tentacles for arms and can constrict up to eight enemies at once.


Message History

Your life force feels restored.
No target in view!
A steam dragon comes into view.
You see here 5 gold pieces.
Found a tubular cabochon ring.
The steam dragon hisses angrily.
You hit the steam dragon but do no damage.
The steam dragon is poisoned.
The steam dragon barely misses you. The steam dragon closely misses you.
You hit the steam dragon.
The steam dragon looks as sick as possible!
You squeeze the steam dragon, but do no damage.
The steam dragon is lightly wounded.
The steam dragon misses you. The steam dragon claws you.
You are too injured to fight recklessly!
You are too injured to fight recklessly!
You are too injured to fight recklessly!
You hit the steam dragon but do no damage.
The steam dragon looks as sick as possible!
The steam dragon is moderately wounded.
The steam dragon barely misses you. The steam dragon claws you.
You barely miss the steam dragon.
The steam dragon is moderately wounded.
The steam dragon completely misses you. The steam dragon claws you.
You hit the steam dragon but do no damage.
The steam dragon looks as sick as possible!
The steam dragon is heavily wounded.
The steam dragon closely misses you. The steam dragon claws you.
You barely miss the steam dragon. Your squeeze misses the steam dragon.
The steam dragon is severely wounded.
The steam dragon bites you!
* * * LOW HITPOINT WARNING * * *
The steam dragon misses you.
You hit the steam dragon.
The steam dragon looks as sick as possible!
You squeeze the steam dragon, but do no damage.
The steam dragon is almost dead.
The steam dragon breathes steam at you. The ball of steam hits you!
You die...

... .. =. #.. .. ##...
#.###.......... ..
#.....≈≈≈≈≈≈≈≈.....
#.....≈....§..≈....
+.....≈.≈§≈≈..≈....
#.@D..≈.≈..§§.≈....
#.....≈.≈._§≈.≈....
##.....≈.§..§≈.≈....
#...$..≈.≈≈≈§≈.≈....
##......≈.......≈....
#.....#.≈≈≈≈≈≈≈≈≈.#.#
...#....#...........#.#
...##.........#..###...
...
#..........#....#...


You could see a steam dragon (extremely poisoned, catching breath).

Vanquished Creatures
  Sigmund (D:2)
  Eustachio (D:4)
  Menkaure (D:5)
  Duvessa (D:4)
  An orc warrior (D:6)
  A scorpion (D:6)
  3 necrophages
  Dowan (D:4)
  2 bullfrog zombies (D:4)
  A human zombie (D:4)
  An orc priest (D:4)
  2 hounds (D:5)
  An iguana (D:4)
  2 scorpion zombies (D:4)
  Ijyb (D:5)
  3 hound zombies (D:4)
  3 mummies (D:4)
  8 adders
  A shadow imp (D:5)
  A worm (D:2)
  A dart slug (D:3)
  28 orcs
  5 bats
  5 endoplasms
  5 giant cockroaches
  9 goblins
  13 hobgoblins
  16 kobolds
  3 quokkas
  8 ball pythons
  7 frilled lizards
  3 rats
139 creatures vanquished.

Vanquished Creatures (others)
  An orc (D:4)
1 creature vanquished.

Grand Total: 140 creatures vanquished

Notes
Turn   | Place    | Note
-------+----------+-------------------------------------------
     0 | D:1      | mopl the Octopode Brigand began the quest for the Orb.
     0 | D:1      | Reached XP level 1. HP: 14/14 MP: 1/1
    40 | D:1      | Reached XP level 2. HP: 19/19 MP: 2/2
   505 | D:1      | Reached XP level 3. HP: 25/25 MP: 3/3
  1072 | D:2      | Reached skill level 2 in Dodging
  1138 | D:2      | Reached XP level 4. HP: 22/30 MP: 4/4
  1572 | D:2      | Noticed Sigmund
  1582 | D:2      | Killed Sigmund
  1583 | D:2      | Reached skill level 3 in Fighting
  1583 | D:2      | Reached skill level 3 in Throwing
  1583 | D:2      | Reached skill level 6 in Stealth
  1583 | D:2      | Reached XP level 5. HP: 5/36 MP: 5/5
  1686 | D:3      | Reached XP level 6. HP: 37/42 MP: 6/6
  1734 | D:3      | Reached skill level 3 in Dodging
  1817 | D:3      | Found a broken altar of Ashenzari.
  2231 | D:4      | Noticed Eustachio
  2247 | D:4      | Killed Eustachio
  2248 | D:4      | Reached skill level 4 in Throwing
  2248 | D:4      | Reached skill level 7 in Stealth
  2248 | D:4      | Reached XP level 7. HP: 22/47 MP: 7/7
  2483 | D:4      | Reached skill level 4 in Fighting
  2616 | D:4      | Noticed Dowan
  2617 | D:4      | Noticed Duvessa
  2658 | D:4      | Killed Duvessa
  2659 | D:4      | Killed Dowan
  2660 | D:4      | Reached skill level 1 in Evocations
  2767 | D:4      | Reached skill level 4 in Dodging
  2958 | D:4      | Found a basalt altar of Yredelemnul.
  2969 | D:4      | Reached skill level 2 in Evocations
  2973 | D:4      | Reached skill level 8 in Stealth
  2977 | D:4      | Reached XP level 8. HP: 49/54 MP: 8/8
  3023 | D:5      | Entered Level 5 of the Dungeon
  3067 | D:5      | Learned a level 1 spell: Slow
  3070 | D:5      | Learned a level 2 spell: Passwall
  3187 | D:5      | Noticed Ijyb
  3196 | D:5      | Killed Ijyb
  3569 | D:5      | Noticed Menkaure
  3662 | D:5      | Killed Menkaure
  3663 | D:5      | Reached skill level 1 in Earth Magic
  3724 | D:6      | Reached skill level 5 in Fighting
  3724 | D:6      | Reached skill level 5 in Throwing
  3724 | D:6      | Reached skill level 1 in Hexes
  3724 | D:6      | Reached skill level 1 in Transmutations
  3774 | D:6      | Reached skill level 1 in Spellcasting
  3774 | D:6      | Reached skill level 3 in Evocations
  3885 | D:6      | Learned a level 2 spell: Blink
  3889 | D:6      | Found an iron altar of Okawaru.
  3924 | D:6      | Killed from afar by a steam dragon

Illustrated notes

Levels and vault maps discovered:
D:1:      lemuel_arrival_behind_the_door_large, layout_basic, st_stairs_3
D:2:      layout_basic, minmay_3d_cube, uniq_sigmund
D:3:      layout_rooms, nicolae_ashenzari_panopticon
D:4:      layout_basic, lemuel_mausoleum_altar_yredelemnul, uniq_duvessa,
          uniq_eustachio
D:5:      corexii_shack_village, layout_rooms, uniq_menkaure, uniq_ijyb
D:6:      layout_cave_pools, mainiacjoe_overflow_concentric_impassable,
          cheibriados_altar_1, gammafunk_temple_overflow_pools,
          minmay_temple_entry_stoned_glass

Skill      XL: |  1  2  3  4  5  6  7  8 |
---------------+-------------------------+-----
Dodging        | 2 3 4 |  4.7
Fighting       | 3 4 5 |  5.1
Throwing       | 3 4 5 |  5.1
Stealth        | 6 7 8 |  8.6
Evocations     | 2 3 |  3.1
Earth Magic    | 1 |  1.4
Hexes          | 1 |  1.4
Transmutations | 1 |  1.4
Spellcasting   | 1 |  1.2
Short Blades   | |  2.0
Translocations | |  0.1

Action                   |  1- 3 |  4- 6 |  7- 9 || total
-------------------------+-------+-------+-------++-------
Melee: Dagger            |    44 |    63 |   170 ||   277
       Constrict         |     6 |    13 |    46 ||    65
       Tentacles         |     2 |     8 |    52 ||    62
       Punch             |       |     1 |     4 ||     5
Throw: Dart              |       |     1 |     6 ||     7
Evoke: Wand              |       |       |     1 ||     1
  Use: Scroll            |       |       |     4 ||     4
 Stab: Sleeping          |    22 |    16 |    20 ||    58
       Invisible         |       |       |     1 ||     1
       Distracted        |       |       |     1 ||     1
Armor: Skin              |     2 |     5 |     5 ||    12
Dodge: Dodged            |    17 |    30 |    89 ||   136

Table legend: (Time is in decaauts)
 A = Elapsed time spent in this place.
 B = Non-inter-level travel time spent in this place.
 C = Inter-level travel time spent in this place.
 D = Time resting spent in this place.
 E = Time spent auto-exploring this place.
 F = Levels seen in this place.
 G = Mean time per level.
                   A        B        C        D        E       F      G
               +--------+--------+--------+--------+--------+-----+--------+
         Total |   3892 |   3676 |    216 |    394 |   2415 |   6 |  648.7 |
       Dungeon |   3892 |   3676 |    216 |    394 |   2415 |   6 |  648.7 |
               +--------+--------+--------+--------+--------+-----+--------+

Top non-repeatable levels by time:
     D:2: 875 daAuts
     D:4: 780 daAuts
     D:1: 764 daAuts
     D:5: 671 daAuts
     D:3: 581 daAuts
     D:6: 220 daAuts
